[Event "FIDE Grand Swiss 2023"]
[Site "Villa Marina, Douglas, Isle of Man, Isle Of Man"]
[Date "2023.10.28"]
[Round "4.38"]
[White "Rodrigue-Lemieux, Shawn"]
[Black "Pichot, Alan"]
[Result "1/2-1/2"]
[TimeControl "40/90 + 30 + 30s/move"]
[WhiteFideId "2620049"]
[BlackFideId "110973"]
[WhiteElo "2488"]
[BlackElo "2650"]

1. e4 c5 2. Nf3 d6 3. Bb5+ Nd7 4. Ba4 Ngf6 5. O-O e6 6. Re1 Be7 7. c3 a6 8. d4 b5 9. Bc2 Bb7 10.
Nbd2 O-O 11. e5 dxe5 12. dxe5 Nd5 13. Ne4 Qc7 14. Neg5 g6 15. Qd2 Rfd8 16. Nxh7 Kxh7 17. Bxg6+ Kg8 18.
Qh6 Nf8 19. Bc2 f5 20. g4 Qc6 21. gxf5 exf5 22. Bxf5 Nc7 23. Qxc6 Bxc6 24. Ng5 Rd5 25. Be4 Nfe6 26. Bxd5 Bxd5 27.
h4 Kg7 28. Kh2 Rf8 29. Be3 Nxg5 30. hxg5 Ne6 31. Rad1 Bc6 32. Kg3 Kg6 33. f4 Rh8 34. Bf2 Kf5 35. Be3 Kg6 36. Rd2 Ng7 37.
Bf2 Nf5+ 38. Kg4 Rh2 39.
e6 c4 40. Re5 Rg2+ 41. Kh3 Bf3 42. b3 b4 43. Be1 Rg1 44. Rf2 Bc6 45. cxb4 c3 46. Rc2 Rh1+ 47. Kg4 Rg1+ 48. Kh3 Bd6 49.
Rxc3 Rh1+ 50. Kg4 Rg1+ 51. Kh3 Rh1+ 52. Kg4 Rg1+ 1/2-1/2